 Dungeon Crawl Stone Soup version 0.30-a0-711-gf4ac18a38d (webtiles) character file.

Game seed: 11382159019588640955

52166 demibob the Tortoise (level 14, -3/96 HPs)
             Began as a Gargoyle Fighter on Jan 22, 2023.
             Was the Champion of Okawaru.
             Slain by a red devil
             ... wielding a +0 trident
             ... summoned by an orc high priest
              (15 damage)
             ... on level 2 of the Orcish Mines.
             The game lasted 00:27:10 (18556 turns).

demibob the Tortoise (Gargoyle Fighter)            Turns: 18556, Time: 00:27:11

Health: -3/96      AC: 22    Str: 24    XL:     14   Next: 62%
Magic:  17/17      EV:  6    Int: 10    God:    Okawaru [******]
Gold:   886        SH:  5    Dex: 12    Spells: 13/13 levels left

rFire   + + .      SeeInvis +    a - +3 flail (elec)
rCold   + . .      Faith    .    c - +0 buckler
rNeg    + . .      Spirit   .    E - +4 gold dragon scales
rPois   ∞          Reflect  .    d - +0 hat {SInv}
rElec   +          Harm     .    h - +0 cloak
rCorr   .          Rampage  .    y - +1 pair of gloves {Dex+3}
Will    ++...                    D - +0 pair of boots Stlth
                                 (no amulet)
HPRegen 0.36/turn                W - ring of willpower
MPRegen 0.15/turn                F - ring of protection from fire

@: about to teleport, spiked, corroded, flying, studying 2 skills
A: sickness immunity, AC +10, big wings, negative energy resistance 1,
electricity resistance, torment resistance 1, petrification resistance
a: Renounce Religion, Heroism, Finesse, Duel


You were on level 2 of the Orcish Mines.
You worshipped Okawaru.
Okawaru was exalted by your worship.
You visited 4 branches of the dungeon, and saw 19 of its levels.

You collected 2068 gold pieces.
You spent 1182 gold pieces at shops.


Innate Abilities, Weirdness & Mutations

You are immune to sickness and miasma.
Your stone body is resilient. (AC +10)
You are immune to poison.
Your large and strong wings let you fly.
You resist negative energy. (rN+)
You are resistant to electric shocks. (rElec)
You are resistant to unholy torment.
You are immune to petrification.


   Skills:
 + Level 14.4 Fighting
 - Level 14.4 Maces & Flails
 + Level 17.6 Armour
 - Level 5.1 Shields
 - Level 4.4 Invocations


You had 13 spell levels left.
You didn't know any spells.
Your spell library contained the following spells:

 Spells                   Type           Power      Damage    Failure   Level
 Inner Flame              Hex/Fire       0%         N/A       100%        3
 Kindle Blastsparks       Fire/Tloc/Air  0%         2d10      100%        3
 Flame Wave               Conj/Fire      0%         2d4       100%        4
 Fulminant Prism          Conj/Hex       0%         3d5       100%        4
 Iskenderun's Mystic Bla  Conj/Tloc      0%         2d3       100%        4
 Olgreb's Toxic Radiance  Pois           0%         N/A       100%        4
 Petrify                  Tmut/Erth      0%         N/A       100%        4
 Sticky Flame             Conj/Fire      0%         2d3       100%        4
 Irradiate                Conj/Tmut      0%         3d11      100%        5
 Lee's Rapid Deconstruct  Erth           0%         3d4*      100%        5
 Metabolic Englaciation   Hex/Ice        0%         N/A       100%        5
 Ozocubu's Refrigeration  Ice            0%         4d7       100%        7
 Ignition                 Fire           0%         3d3       100%        8
 Sublimation of Blood     Necr           Unusable   N/A       N/A         2
 Summon Ice Beast         Ice/Summ       Unusable   N/A       N/A         4
 Summon Mana Viper        Hex/Summ       Unusable   N/A       N/A         5
 Statue Form              Tmut/Erth      Unusable   N/A       N/A         6
 Monstrous Menagerie      Summ           Unusable   N/A       N/A         7

Inventory:

Hand Weapons
 a - a +3 flail of electrocution (weapon)
 M - a +2 eveningstar of protection
Missiles
 p - 5 throwing nets {=f}
Armour
 c - a +0 buckler (worn)
 d - a +0 hat of see invisible (worn)
 h - a +0 cloak (worn)
 t - the +4 kite shield of Ybennew {+Blink Str+4}
   (Okawaru gifted it to you on level 1 of the Lair of Beasts)

   Str:       It affects your strength (+4).
   +Blink:    It lets you blink.
 y - a +1 pair of gloves of dexterity (worn)
 D - a +0 pair of boots (worn)
 E - +4 gold dragon scales (worn)
Magical Staves
 G - a staff of fire {!a}
Jewellery
 f - a ring of fire
 i - a +6 ring of intelligence
 C - a ring of ice
 F - a ring of protection from fire (right hand)
 I - a +6 ring of intelligence
 L - a ring of flight
 S - a +6 ring of strength
 W - a ring of willpower (left hand)
 Z - a ring of wizardry
Wands
 b - a wand of iceblast (2)
 q - a wand of acid (3)
 u - a wand of flame (14)
 v - a wand of paralysis (11)
 K - a wand of mindburst (8)
Scrolls
 e - 2 scrolls of teleportation {@r2}
 k - 3 scrolls of enchant weapon
 l - 2 scrolls of identify {@r1}
 n - 4 scrolls of fog
 H - a scroll of amnesia
 J - a scroll of magic mapping
Potions
 j - 7 potions of flight
 m - a potion of ambrosia
 o - 4 potions of attraction
 r - 2 potions of magic
 s - 2 potions of mutation
 w - 3 potions of brilliance
 z - 2 potions of resistance
 A - 3 potions of lignification
 B - a potion of cancellation {unknown}
 N - a potion of berserk rage {unknown}
Miscellaneous
 O - a phial of floods

Dungeon Overview and Level Annotations

Branches:
Dungeon (11/15)            Temple (1/1) D:5            Lair (5/5) D:11
 Shoals (0/4) Lair:3        Snake (0/4) Lair:2        Slime (0/5) Lair:5
    Orc (2/2) D:10            Elf (0/3) Orc:2

Altars:
Ashenzari
Cheibriados
Dithmenos
Elyvilon
Fedhas
Gozag
Hepliaklqana
Kikubaaqudgha
Makhleb
Nemelex Xobeh
Okawaru
Qazlal
Ru
Sif Muna
Trog
Uskayaw
Vehumet
Wu Jian
Xom
Yredelemnul
Zin
The Shining One
Jiyva
Lugonu

Shops:
D:5 *?   D:10 [(   D:11 =   Orc:1 (

Portals:
Abyss: Lair:4

Annotations:
D:4 2 transporters, Tocho's ghost, amateur HuCj
Lair:2 2 transporters
Orc:1 1 runed translucent door, Zoap's ghost, journeyman MiBe

#...# #......... ##### ##..##
####..#....). ....#
##....###.[)........# .....###
#.....##..<)........#
....#..######......#)[.#.........
...#.....##.#.......).##.........
........^............####........
...........)..4.)))...# #####....
).)..........##.@....## #.....
))).........##44oo..## #.....
.....o).)...........# ####...
.....oo)o[...........# ##.###..
......o)).)............ #...#...
........)#)..#...#.#.... ##.#....
.........#[..##.######.# #......
..o▒▒▒▒▒▒#..##### ## #...... ....
#.## #......


You could see an orc high priest, an orange demon (summoned), a rust devil
(summoned), a red devil (summoned) and an orc priest.


Message History

The orc priest barely misses you. The orange demon stings you from afar.
* * * LOW HITPOINT WARNING * * *
The red devil hits you but does no damage.
Okay, then.
As you read the scroll of teleportation {@r2}, it crumbles to dust.
You feel strangely unstable. The rust devil closely misses you.
The orc high priest hits you but does no damage.
You block the orc priest's attack. You block the orange demon's attack.
The red devil hits you from afar with a +0 trident.
* * * LOW HITPOINT WARNING * * *
Barbed spikes become lodged in your body.
The barbs in your skin will harm you if you move.
Continue?
Okay, then.
You feel better.
The orc high priest no longer looks unusually strong.
The rust devil hits you.
* * * LOW HITPOINT WARNING * * *
The rust devil corrodes you!
The orc high priest hits you with a +0 hand axe.
* * * LOW HITPOINT WARNING * * *
You block the orc priest's attack.
The orange demon stings you but does no damage.
The red devil hits you from afar with a +0 trident!
* * * LOW HITPOINT WARNING * * *
Barbed spikes become lodged in your body.
You feel better. The rust devil barely misses you.
You block the orc high priest's attack. You block the orc priest's attack.
The orange demon stings you but does no damage.
The red devil hits you from afar with a +0 trident!
You die...

Skill      XL: |  1  2  3  4  5  6  7  8  9 10 11 12 13 14 |
---------------+-------------------------------------------+-----
Maces & Flails | 3 4 5 6 7 14 | 14.4
Armour         | 4 5 8 11 13 15 16 17 | 17.6
Shields        | 4 5 |  5.1
Fighting       | 7 10 13 14 | 14.4
Invocations    | 4 |  4.4

Action                     |  1- 3 |  4- 6 |  7- 9 | 10-12 | 13-15 || total
---------------------------+-------+-------+-------+-------+-------++-------
  Melee: Flail             |   102 |   205 |   198 |   784 |   853 ||  2142
 Invoke: Heroism           |       |       |       |     5 |     2 ||     7
  Evoke: Wand              |       |       |    15 |     6 |     4 ||    25
    Use: Potion            |     1 |     3 |     4 |     2 |    10 ||    20
         Scroll            |     2 |     5 |     9 |    13 |     7 ||    36
   Stab: Confused          |       |     1 |       |       |       ||     1
 Armour: Scale mail        |    53 |   117 |   106 |     3 |       ||   279
         Plate armour      |       |       |       |   384 |       ||   384
         Gold dragon scale |       |       |       |   112 |   730 ||   842
  Dodge: Dodged            |    50 |    97 |    77 |   189 |   204 ||   617
  Block: Buckler           |    18 |    34 |    25 |   124 |   193 ||   394

Levels and vault maps discovered:
D:1:      minmay_arrival_jagged, layout_rooms
D:2:      layout_loops_ring, basic_altar,
          dreamdust_ecumenical_altar_drowned_temple
D:3:      layout_basic, xom_confusion_cloud, uniq_natasha
D:4:      layout_loops_ring, yredelemnul_altar_generic,
          gammafunk_ghost_stat_death
D:5:      layout_loops_ring, overflow_temple_1_default,
          mainiacjoe_overflow_alcove_4, minitemple,
          minmay_temple_entry_statues_pillars, serial_shops,
          nicolae_shop_waterfront, minmay_misc_feat_ornament,
          minmay_shop_damaged, minmay_increasing_density
D:6:      layout_rooms, nemelex_dance_club_becter, kennysheep_little_box,
          vehumet_crystals, nicolae_gozag_cash_rules_everything_around_me,
          hex_large, minmay_misc_feat_plants, minivault_26, grunt_ministairs_13,
          minmay_manual_macuahuitl
D:7:      layout_basic
D:8:      layout_basic, nicolae_sif_muna_condensation, tso_oasis_becter,
          minivault_12, uniq_joseph, uniq_maurice, uniq_prince_ribbit1
D:9:      layout_rooms, mainiacjoe_overflow_chevrons, cheibriados_altar_1,
          uniq_harold
D:10:     layout_basic, nicolae_uskayaw_dance_studio, orc_david_3,
          serial_park_tiny_1, uniq_lodul
D:11:     layout_loops_cross, erik_lair_orcish_takeover, serial_shops,
          nicolae_diamond_shop, portal_ice_cave_rime, minmay_puff
Temple:   hellmonk_temple_micro_hex
Lair:1:   layout_big_grid, st_stairs_7, infiniplex_staircase_pool,
          uniq_gastronok
Lair:2:   gammafunk_worm_tunnel, layout_misc_corridors,
          minmay_snake_entry_guardpost_small
Lair:3:   layout_layer_cave, elwin_shoals_entry_rocks, beast_lair_carwin_8,
          serial_bayou_shore_b
Lair:4:   layout_layer_cave, amcnicky_altar_lugonu_corruption
Lair:5:   gammafunk_lair_ancient_temple, layout_long_grid,
          nicolae_slime_entry_slimehenge
Orc:1:    layout_caves, hellmonk_ghost_happy_afterlife, serial_shops, shop
Orc:2:    st_orc_pillars, layout_diamond_mine

Notes
Turn   | Place    | Note
-------+----------+-------------------------------------------
     0 | D:1      | demibob the Gargoyle Fighter began the quest for the Orb.
     0 | D:1      | Reached XP level 1. HP: 14/14 MP: 1/1
    44 | D:1      | Reached XP level 2. HP: 4/19 MP: 2/2
   217 | D:1      | Reached skill level 3 in Maces & Flails
   217 | D:1      | Reached XP level 3. HP: 21/23 MP: 3/3
   656 | D:2      | Reached skill level 4 in Armour
   792 | D:2      | Found a faded altar of an unknown god.
   827 | D:2      | Reached XP level 4. HP: 26/28 MP: 4/4
  1173 | D:2      | Found a radiant altar of Vehumet.
  1442 | D:3      | Noticed Natasha
  1457 | D:3      | Killed Natasha
  1458 | D:3      | Reached skill level 4 in Maces & Flails
  1616 | D:3      | Found a shimmering altar of Xom.
  1683 | D:3      | Noticed Natasha
  1698 | D:3      | Killed Natasha
  1699 | D:3      | Reached XP level 5. HP: 20/32 MP: 5/5
  1793 | D:3      | Noticed Natasha
  1803 | D:3      | Killed Natasha
  2500 | D:4      | Found a basalt altar of Yredelemnul.
  2553 | D:4      | Found a transporter.
  2583 | D:4      | Noticed Tocho's ghost (amateur HuCj)
  2710 | D:4      | Noticed a phantom
  2728 | D:4      | Killed a phantom
  2729 | D:4      | Reached skill level 5 in Maces & Flails
  2729 | D:4      | Reached skill level 5 in Armour
  2729 | D:4      | Reached XP level 6. HP: 29/37 MP: 6/6
  2881 | D:4      | Found a transporter.
  3260 | D:5      | Entered Level 5 of the Dungeon
  3304 | D:5      | Noticed an ice beast
  3316 | D:5      | Killed an ice beast
  3382 | D:5      | Reached skill level 6 in Maces & Flails
  3390 | D:5      | Reached XP level 7. HP: 34/41 MP: 7/7
  3463 | D:5      | Found Lofouc's Lightly-Used Armoury.
  3534 | D:5      | Found Adokujoo's Magic Scroll Shoppe.
  3540 | D:5      | Bought a scroll of identify for 26 gold pieces
  3540 | D:5      | Bought a scroll of identify for 26 gold pieces
  3540 | D:5      | Bought a scroll of identify for 26 gold pieces
  3541 | D:5      | Identified a potion of experience
  3746 | D:5      | Reached skill level 4 in Shields
  3768 | D:5      | Reached skill level 7 in Maces & Flails
  3957 | D:5      | Found a staircase to the Ecumenical Temple.
  3964 | Temple   | Entered the Ecumenical Temple
  4056 | D:5      | Found a glowing silver altar of Zin.
  4174 | D:5      | Found a hazy altar of Hepliaklqana.
  4293 | D:5      | Found an iron altar of Okawaru.
  4294 | D:5      | Found a broken altar of Ashenzari.
  4296 | D:5      | Became a worshipper of Warmaster Okawaru
  4300 | D:5      | Found a blossoming altar of Fedhas.
  4506 | D:6      | Reached XP level 8. HP: 36/46 MP: 8/8
  4588 | D:6      | Found a radiant altar of Vehumet.
  4617 | D:6      | Reached skill level 14 in Maces & Flails
  4617 | D:6      | Reached XP level 9. HP: 42/51 MP: 9/9
  4676 | D:6      | Reached skill level 5 in Shields
  4831 | D:6      | Reached skill level 6 in Armour
  4893 | D:6      | You fall into a shaft and drop 2 floors!
  4907 | D:8      | Noticed Joseph
  4924 | D:8      | Killed Joseph
  4924 | D:8      | Reached * piety under Okawaru
  4925 | D:8      | Reached skill level 7 in Armour
  4925 | D:8      | Found a shimmering blue altar of Sif Muna.
  4988 | D:8      | Noticed Maurice
  5025 | D:8      | Killed Maurice
  5133 | D:8      | Found a glowing golden altar of the Shining One.
  5150 | D:8      | Reached skill level 8 in Armour
  5231 | D:8      | Reached XP level 10. HP: 54/56 MP: 10/10
  5286 | D:8      | Identified the +9 rapier "Zohackei" {heavy, rPois rC- Str-3
                  | Int+5}
  5404 | D:8      | Noticed a rakshasa
  5404 | D:8      | Noticed a tengu warrior
  5404 | D:8      | Noticed a death knight
  5404 | D:8      | Noticed a centaur warrior
  5404 | D:8      | Noticed a two-headed ogre
  5419 | D:8      | Noticed a cyclops
  5438 | D:8      | Noticed Prince Ribbit
  5449 | D:8      | Killed Prince Ribbit
  5678 | D:9      | Found an ornate altar of the Wu Jian Council.
  5705 | D:9      | Reached skill level 9 in Armour
  5708 | D:9      | Reached ** piety under Okawaru
  5834 | D:9      | Noticed Harold
  5850 | D:9      | Killed Harold
  5851 | D:9      | Reached skill level 10 in Armour
  5892 | D:9      | Reached *** piety under Okawaru
  5938 | D:9      | Found a snail-covered altar of Cheibriados.
  6161 | D:9      | Reached skill level 11 in Armour
  6171 | D:9      | Reached **** piety under Okawaru
  6172 | D:9      | Reached XP level 11. HP: 47/60 MP: 11/11
  6692 | D:7      | Reached skill level 4 in Fighting
  7153 | D:6      | Found a stormy altar of Qazlal.
  7226 | D:6      | Found an opulent altar of Gozag.
  7354 | D:6      | Reached skill level 12 in Armour
  7560 | D:6      | Found a sparkling altar of Nemelex Xobeh.
  7708 | D:6      | Identified a potion of resistance
  7816 | D:10     | Entered Level 10 of the Dungeon
  7825 | D:9      | Reached skill level 5 in Fighting
  7896 | D:10     | Reached ***** piety under Okawaru
  8053 | D:10     | Reached skill level 6 in Fighting
  8102 | D:10     | Found a hide-covered altar of Uskayaw.
  8159 | D:10     | Noticed Lodul
  8171 | D:10     | Killed Lodul
  8212 | D:10     | Reached skill level 7 in Fighting
  8225 | D:10     | Received a gift from Okawaru
  8454 | D:10     | Identified the +4 ring mail of Twilight {rPois rC+ rCorr
                  | Int+2}
  8534 | D:10     | Found Geitihak's Weapon Shop.
  8536 | D:10     | Found a staircase to the Orcish Mines.
  8538 | D:10     | Found Buemnam's Armour Shop.
  8629 | D:10     | Reached skill level 13 in Armour
  8774 | D:11     | Noticed a cyclops
  8779 | D:11     | Killed a cyclops
  8847 | D:11     | Found Sugadd's Jewellery Shoppe.
  8876 | D:11     | Noticed a boulder beetle
  8919 | D:11     | Killed a boulder beetle
  8920 | D:11     | Reached XP level 12. HP: 36/73 MP: 12/12
  8924 | D:11     | Noticed a two-headed ogre
  8959 | D:11     | Killed a two-headed ogre
  9139 | D:11     | Found a frozen archway.
  9146 | D:11     | Reached skill level 8 in Fighting
  9548 | D:11     | Found a staircase to the Lair.
  9857 | D:11     | Identified the +8 dagger of the Beginning {protect, Fragile
                  | rElec rF+++ rC-}
 10387 | D:11     | Reached skill level 9 in Fighting
 10577 | D:10     | Bought +2 gold dragon scales for 1104 gold pieces
 10636 | Lair:1   | Entered Level 1 of the Lair of Beasts
 10645 | Lair:1   | Reached skill level 14 in Armour
 10661 | Lair:1   | Noticed Gastronok
 10675 | Lair:1   | Killed Gastronok
 10694 | Lair:1   | Identified a +0 crystal plate armour
 10827 | Lair:1   | Reached ****** piety under Okawaru
 10974 | Lair:1   | Identified the +4 kite shield of Ybennew {+Blink Str+4}
                  | (Okawaru gifted it to you on level 1 of the Lair of Beasts)
 10974 | Lair:1   | Received a gift from Okawaru
 10975 | Lair:1   | Reached skill level 10 in Fighting
 11149 | Lair:2   | Found a transporter.
 11354 | Lair:2   | Found a transporter.
 11390 | Lair:2   | Noticed an eight-headed hydra
 11399 | Lair:2   | Killed an eight-headed hydra
 11400 | Lair:2   | Reached skill level 15 in Armour
 11408 | Lair:2   | Reached XP level 13. HP: 33/83 MP: 13/13
 11798 | Lair:2   | Identified a +0 robe of the Archmagi
 11802 | Lair:2   | Reached skill level 11 in Fighting
 11976 | Lair:2   | Found a staircase to the Snake Pit.
 12857 | Lair:3   | Received a gift from Okawaru
 12859 | Lair:3   | Reached skill level 12 in Fighting
 12928 | Lair:3   | Found a staircase to the Shoals.
 13694 | Lair:4   | Found a corrupted altar of Lugonu.
 13695 | Lair:4   | Found a one-way gate to the infinite horrors of the Abyss.
 14003 | Lair:4   | Reached skill level 16 in Armour
 14585 | Lair:5   | Entered Level 5 of the Lair of Beasts
 14694 | Lair:5   | Found a staircase to the Slime Pits.
 14694 | Lair:5   | Found a viscous altar of Jiyva.
 15269 | Lair:5   | Identified the +1 crystal plate armour of Hasme {+Blink
                  | Regen+ rCorr} (Okawaru gifted it to you on level 5 of the
                  | Lair of Beasts)
 15269 | Lair:5   | Received a gift from Okawaru
 15270 | Lair:5   | Reached skill level 13 in Fighting
 15304 | Lair:5   | Gained mutation: Your large and strong wings let you fly.
                  | [Gargoyle growth]
 15304 | Lair:5   | Reached XP level 14. HP: 62/94 MP: 14/14
 15587 | Lair:5   | Reached skill level 17 in Armour
 15587 | Lair:5   | Reached skill level 1 in Invocations
 15726 | Lair:5   | Reached skill level 2 in Invocations
 16284 | Lair:5   | Identified the +4 falchion "Byippo Duhe" {flame, rC+ Str+4}
 16378 | Lair:5   | Reached skill level 3 in Invocations
 16410 | Lair:5   | Reached skill level 14 in Fighting
 16646 | Lair:5   | Identified +0 pearl dragon scales
 16867 | Lair:5   | >>lmao
 17007 | Orc:1    | Entered Level 1 of the Orcish Mines
 17007 | Orc:1    | Found Ukef's Weapon Emporium.
 17034 | Orc:1    | Reached skill level 4 in Invocations
 17184 | Orc:1    | Found a runed translucent door.
 17184 | Orc:1    | Noticed Zoap's ghost (journeyman MiBe)
 17512 | Orc:2    | Entered Level 2 of the Orcish Mines
 17645 | Orc:2    | Identified a +1 robe of the Archmagi
 17946 | Orc:1    | Identified the quicksilver dragon scales of Fallacy {Will+
                  | Int+2 Dex+2} (Okawaru gifted it to you on level 1 of the
                  | Orcish Mines)
 17946 | Orc:1    | Received a gift from Okawaru
 18025 | Orc:2    | Found a staircase to the Elven Halls.
 18555 | Orc:2    | HP: 4/96 [red devil/+0 trident[an orc high priest] (11)]
 18556 | Orc:2    | Slain by a red devil

Vanquished Creatures
  Gastronok (Lair:1)
  Harold (D:9)
  A catoblepas (Lair:4)
  2 hydras
  A boulder beetle (D:11)
  A merfolk avatar (Lair:5)
  A two-headed ogre (D:11)
  12 death yaks (Lair:5)
  Lodul (D:10)
  A sea snake (Lair:5)
  2 orc knights (Orc:2)
  A harpy (Lair:5)
  A deep elf pyromancer (D:11)
  3 cyclopes
  2 orc sorcerers (Orc:1)
  4 manticores (Lair:5)
  Joseph (D:8)
  Maurice (D:8)
  5 elephants (Lair:5)
  11 cane toads
  A torpor snail (Lair:3)
  4 komodo dragons
  4 rime drakes
  3 trolls
  2 hornets (D:9)
  5 polar bears (Lair:5)
  Prince Ribbit (D:8)
  8 blink frogs
  2 snapping turtles (Lair:5)
  53 yaks
  A shadow (D:10)
  6 wyverns
  A steam dragon (D:9)
  2 basilisks
  3 nagas (Lair:2)
  5 wargs
  An acid dragon (D:9)
  15 water moccasins
  2 ice beasts
  17 orc warriors
  A sky beast (D:7)
  11 ogres
  17 wolves
  10 centaurs
  3 kobold brigands
  2 phantoms
  15 bullfrogs
  3 necrophages
  A scorpion (D:5)
  9 wights
  7 killer bees
  3 electric eels
  9 howler monkeys
  7 hounds
  3 jellies
  11 orc priests
  2 gnoll boudas
  5 iguanas
  Natasha (thrice) (D:3)
  17 orc wizards
  7 gnolls
  6 adders
  2 shadow imps (D:6)
  3 white imps
  An ufetubus (D:5)
  3 worms
  4 dart slugs
  61 orcs
  8 ball pythons
  3 bats
  10 endoplasms
  2 giant cockroaches
  8 goblins
  11 hobgoblins
  2 jackals (D:4)
  6 quokkas
  3 frilled lizards
  21 kobolds
  10 rats
  A spectral goblin (D:2)
500 creatures vanquished.

Vanquished Creatures (others)
  A dart slug (D:3)
  A hobgoblin (D:3)
  A bush (Lair:5)
  21 fungi
  A lurking horror (Lair:4)
  42 plants
67 creatures vanquished.

Grand Total: 567 creatures vanquished

Table legend: (Time is in decaauts)
 A = Elapsed time spent in this place.
 B = Non-inter-level travel time spent in this place.
 C = Inter-level travel time spent in this place.
 D = Time resting spent in this place.
 E = Time spent auto-exploring this place.
 F = Levels seen in this place.
 G = Mean time per level.
                   A        B        C        D        E       F      G
               +--------+--------+--------+--------+--------+-----+--------+
         Total |  18214 |  17405 |    809 |   1577 |  12386 |  19 |  958.6 |
       Dungeon |  10629 |  10052 |    577 |    550 |   7406 |  11 |  966.3 |
        Temple |      1 |      1 |      0 |      0 |      0 |   1 |    1.0 |
          Lair |   6109 |   5896 |    213 |    730 |   4155 |   5 | 1221.8 |
  Orcish Mines |   1473 |   1455 |     18 |    297 |    825 |   2 |  736.5 |
               +--------+--------+--------+--------+--------+-----+--------+

Top non-repeatable levels by time:
  Lair:5: 2005 daAuts
    D:11: 1517 daAuts
  Lair:3: 1376 daAuts
    D:10: 1270 daAuts
     D:5: 1243 daAuts
     D:3: 1213 daAuts
  Lair:2: 1117 daAuts
  Lair:4: 1078 daAuts
     D:6: 1039 daAuts
     D:2: 809 daAuts
   Orc:1: 800 daAuts
     D:9: 786 daAuts
     D:8: 776 daAuts
     D:4: 738 daAuts
   Orc:2: 672 daAuts

Table legend:
 A = Non-vault XP
 B = Vault XP
 C = Vault XP percentage of total XP
 D = Non-vault monster count
 E = Vault monster count
 F = Vault count percentage of total count
                 A         B        C        D         E       F
            +---------+---------+-------+---------+---------+-------
      Total |   52151 |   20975 |  28.7 |     380 |     120 |  24.0
            +---------+---------+-------+---------+---------+-------
        D:1 |      61 |       0 |   0.0 |      26 |       0 |   0.0
        D:2 |      31 |       1 |   3.1 |      16 |       1 |   5.9
        D:3 |     109 |      44 |  28.8 |      18 |       6 |  25.0
        D:4 |     188 |       0 |   0.0 |      16 |       0 |   0.0
        D:5 |     503 |     243 |  32.6 |      11 |       9 |  45.0
        D:6 |     957 |     705 |  42.4 |      15 |       9 |  37.5
        D:7 |    1430 |       0 |   0.0 |      25 |       0 |   0.0
        D:8 |     509 |    1261 |  71.2 |      10 |       3 |  23.1
        D:9 |    4162 |     865 |  17.2 |      40 |       1 |   2.4
       D:10 |    3395 |    1762 |  34.2 |      23 |      21 |  47.7
       D:11 |    3910 |    1941 |  33.2 |      16 |      11 |  40.7
     Lair:1 |    4661 |    1580 |  25.3 |      23 |       2 |   8.0
     Lair:2 |    5726 |     498 |   8.0 |      23 |       3 |  11.5
     Lair:3 |    5846 |    1005 |  14.7 |      28 |       8 |  22.2
     Lair:4 |    1631 |       0 |   0.0 |       5 |       0 |   0.0
     Lair:5 |   14708 |    9003 |  38.0 |      31 |      22 |  41.5
      Orc:1 |    3248 |       0 |   0.0 |      27 |       0 |   0.0
      Orc:2 |    1076 |    2067 |  65.8 |      27 |      24 |  47.1
            +---------+---------+-------+---------+---------+-------
